 Dungeon Crawl Stone Soup version 0.17-a0-1479-g4041c36 (webtiles) character file.

39 mrath the Bolt Thrower (level 3, -7/28 HPs)
             Began as a Formicid Hunter on July 3, 2015.
             Mangled by Sigmund
             ... wielding a +0 scythe
              (8 damage)
             ... on level 2 of the Dungeon.
             The game lasted 00:15:21 (1058 turns).

mrath the Bolt Thrower (Formicid Hunter)            Turns: 1058, Time: 00:15:21

Health: -7/28      AC:  5    Str: 16    XL:     3   Next: 70%
Magic:  2/2        EV: 14    Int: 10    God:
Gold:   33         SH:  0    Dex: 12    Spells: 0 memorised, 2 levels left

rFire  . . .     SeeInvis +     p - +2 dagger (drain)
rCold  . . .     Clarity  .     d - +0 leather armour
rNeg   . . .     SustAt   .     (no shield)
rPois  .         Gourm    .     (helmet unavailable)
rElec  .         Spirit   .     (no cloak)
rCorr  .         Warding  .     (no gloves)
rMut   .         Stasis   +     (no boots)
MR     .....                    (no amulet)
Stlth  +.........               (no ring)
                                (no ring)

@: not resistant to hostile enchantments, very unstealthy
A: permanent stasis, dig shafts and tunnels, four strong arms, antennae 3, claws
1, repulsion field 1, slimy green scales 1, low mp 1
a: Dig, Shaft Self


You were on level 2 of the Dungeon.
You were not hungry.

You visited 1 branch of the dungeon, and saw 2 of its levels.

You collected 33 gold pieces.

Inventory:

Hand weapons
 a - a +1 hand crossbow
 c - a +0 short sword
 j - a cursed +0 hunting sling
 p - a +2 dagger of draining (weapon)
Missiles
 b - 9 bolts
 g - 87 stones (quivered)
 k - 22 sling bullets
 o - 18 poisoned sling bullets
Armour
 d - a +0 leather armour (worn)
Scrolls
 i - a scroll of teleportation
 l - a scroll of blinking {unknown}
Comestibles
 e - 2 bread rations
 f - 6 fruits
 m - 5 chunks of flesh


   Skills:
 + Level 2.4 Fighting
 + Level 4.9 Crossbows
 + Level 2.0 Dodging
 + Level 1.4 Stealth


You had 2 spell levels left.
You didn't know any spells.

Dungeon Overview and Level Annotations

Branches:
Dungeon (2/15)

Altars:
Xom

Annotations:
D:2 Sigmund


Innate Abilities, Weirdness & Mutations

You are under a permanent stasis effect.
You can dig through walls and to a lower floor.
Your four strong arms can wield two-handed weapons with a shield.
You have a pair of large antennae on your head (SInv).
You have sharp fingernails.
You are surrounded by a mild repulsion field (EV +2).
You are partially covered in slimy green scales (AC +2).
Your magical capacity is low (-10% MP).


Message History

Sigmund is moderately wounded.
Sigmund hits you with a scythe!
* * * LOW HITPOINT WARNING * * *
Drink which item? (? for menu, Esc to quit)
It was a potion of beneficial mutation.
You begin to radiate repulsive energy.
You feel fantastic!
Drink which item? (? for menu, Esc to quit)
It was a potion of mutation.
You feel extremely strange.
Slimy green scales grow over part of your body.
Your fingernails lengthen.
You feel less energetic. Sigmund gestures at you while chanting.
The puff of flame misses you.
You completely miss Sigmund.
Sigmund is moderately wounded.
Sigmund closely misses you.
You hit Sigmund. You drain Sigmund!
Sigmund is severely wounded.
Sigmund hits you with a scythe!
You die...

..# #...# ..# #...#
#.####...#########
#.......<.....##.##
..................#
#.............##.##
..####...#######.#
### #...#######.#
...#........@#
#.#...#.####.@###..##
#.#...#.# #(........
# ..... #.########
#.# #.. .(.{ ##( ..


You could see Sigmund (invisible).

Vanquished Creatures
  An adder (D:2)
  A giant gecko (D:2)
  2 ball pythons
  A bat (D:2)
  3 giant cockroaches
  A hobgoblin (D:1)
  A quokka (D:2)
  2 giant newts
  6 goblins
  2 jackals (D:1)
  6 kobolds
  2 rats (D:1)
28 creatures vanquished.

Notes
Turn   | Place    | Note
--------------------------------------------------------------
     0 | D:1      | mrath the Formicid Hunter began the quest for the Orb.
     0 | D:1      | Reached XP level 1. HP: 16/16 MP: 1/1
   197 | D:1      | Reached XP level 2. HP: 23/23 MP: 2/2
   308 | D:1      | Found a shimmering altar of Xom.
   752 | D:2      | Reached XP level 3. HP: 28/28 MP: 3/3
  1034 | D:2      | Noticed Sigmund
  1054 | D:2      | HP: 1/28 [Sigmund/scythe (10)]
  1055 | D:2      | Gained mutation: You are surrounded by a mild repulsion field (EV +2). [potion of beneficial mutation]
  1056 | D:2      | Gained mutation: You are partially covered in slimy green scales (AC +2). [potion of mutation]
  1056 | D:2      | Gained mutation: You have sharp fingernails. [potion of mutation]
  1056 | D:2      | Gained mutation: Your magical capacity is low (-10% MP). [potion of mutation]
  1058 | D:2      | Mangled by Sigmund

Vault maps used:
D:1:      dpeg_arrival_rooms_a, xom_teletrap_fun
D:2:      uniq_sigmund

Action                   || total
-------------------------++-------
Melee: Dagger            ||     6
       Short sword       ||     2
 Fire: Hand crossbow     ||    49
Throw: Stone             ||     1
  Use: Scroll            ||     1
       Potion            ||     2
